AoeStats
← home-print1

Arabia

508065037Analyzed
1v1 RM · 13d ago on Sep 20, 2026· 45m 34s· 2 players
Game mode
Random Map
Map size
Tiny (2 player)
Population
200
Speed
Normal
Resources
Standard
Victory
Conquest
Starting age
Dark Age
Ending age
Imperial Age
RankedLock teamsTeams togetherTeam positionsShared explorationLock speedFull tech treeHidden civsTurbo modeCheats
Victory
Defeat
🇨🇱 Koreans · Chile
1021
+14
🇲🇽 Malians · Mexico
988
-14
home-print1
5:19 Loom
9:49 Feudal Age
10:16 Man-at-Arms
14:00 Scale Mail Armor
14:15 Arson
15:23 Forging
23:15 Wheelbarrow
26:44 Castle Age
24:31 Double-Bit Axe
25:05 Scale Barding Armor
26:14 Gold Mining
26:14 Stone Mining
27:55 Bow Saw
28:28 Gold Shaft Mining
29:03 Chain Barding Armor
29:20 Iron Casting
29:07 Chain Mail Armor
28:19 Long Swordsman
29:01 Squires
29:22 Hand Cart
30:41 Husbandry
30:59 Bloodlines
Manzaco
6:08 Loom
9:42 Feudal Age
10:17 Double-Bit Axe
22:10 Castle Age
26:53 Bow Saw
28:16 Fletching
30:21 Bodkin Arrow
31:05 Town Watch
34:34 Wheelbarrow
37:41 Scale Mail Armor
41:22 Forging
41:29 Chain Mail Armor
42:00 Arson
42:56 Iron Casting
Connection lost

Rejoining the realm…

Still unreachable

The connection could not be restored.

Session expired

The server has moved on; the page needs a fresh start.